 Dungeon Crawl Stone Soup version 0.26.1-11-gd32895ea62 (webtiles) character file.

Game seed: 18229192075549483809

27 Almogavar the Shield-Bearer (level 2, -1/27 HPs)
             Began as a Minotaur Fighter on Apr 15, 2021.
             Slain by a killer bee (8 damage)
             ... on level 2 of the Dungeon.
             The game lasted 00:03:03 (785 turns).

Almogavar the Shield-Bearer (Minotaur Fighter)       Turns: 785, Time: 00:03:03

Health: -1/27      AC:  7    Str: 20    XL:     2   Next: 93%
Magic:  1/1        EV:  7    Int:  5    God:
Gold:   28         SH:  9    Dex:  9    Spells: 1/1 levels left

rFire    . . .     SeeInvis .   a - +0 long sword
rCold    . . .     Faith    .   c - +0 kite shield
rNeg     . . .     Spirit   .   b - +0 scale mail
rPois    .         Reflect  .   (helmet restricted)
rElec    .         Harm     .   (no cloak)
rCorr    .         Rampage  .   (no gloves)
Will     .....                  (no boots)
Stlth    ..........             (no amulet)
HPRegen  0.09/turn              (no ring)
MPRegen  0.07/turn              (no ring)

@: no status effects
A: retaliatory headbutt, horns 2
a: no special abilities


You were on level 2 of the Dungeon.
You visited 1 branch of the dungeon, and saw 2 of its levels.

You collected 28 gold pieces.

Inventory:

Hand Weapons
 a - a +0 long sword (weapon)
Armour
 b - a +0 scale mail (worn)
 c - a +0 kite shield (worn)
Scrolls
 e - a scroll of remove curse {unknown}
 f - a scroll of enchant weapon {unknown}
 h - a scroll of teleportation {unknown}
Potions
 d - a potion of might
 g - a potion of haste {unknown}
 i - a potion of experience {unknown}
 j - a potion of cancellation {unknown}


   Skills:
 + Level 3.8 Fighting
 + Level 2.8 Long Blades
 + Level 4.0 Armour
 + Level 4.2 Shields


You had one spell level left.
You didn't know any spells.
Your spell library was empty.

Dungeon Overview and Level Annotations

Branches:
Dungeon (2/15)

Altars:


Innate Abilities, Weirdness & Mutations

You reflexively headbutt those who attack you in melee.
You have a pair of horns on your head.


Message History

The killer bee buzzes angrily. x3; You hear an angry buzzing noise.
The killer bee barely misses you. You furiously retaliate!
You headbutt the killer bee.
You riposte.
You hit the killer bee. Your headbutt misses the killer bee.
The killer bee is moderately wounded.
A killer bee comes into view.
The killer bee stings you. x3
The killer bee stings you but does no damage. x2
The killer bee stings you. The killer bee completely misses you.
You furiously retaliate!
You headbutt the killer bee, but do no damage.
You riposte.
You barely miss the killer bee.
The killer bee stings you but does no damage.
The killer bee barely misses you. The killer bee stings you!
* * * LOW HITPOINT WARNING * * *
The killer bee barely misses you.
You riposte.
You barely miss the killer bee. Your headbutt misses the killer bee.
The killer bee is moderately wounded.
The killer bee stings you!
You die...

.##.###. #. ....... #####.
# ##...## #..... #.
##.....## #..##.
##.##.###.......## #..##.
.........y...>...####...#.
........y.y......'........
....#.##yy.......####...##
. .. ##@......## #....>
..y #......## #.#.## ...
#.#...## #....< .. #.##+##
###.## . ..# #.# #### #.#
#.# #.# #.#


You could see 5 killer bees.

Vanquished Creatures
  A dart slug (D:1)
  3 leopard geckos (D:1)
  A giant cockroach (D:1)
  4 hobgoblins (D:1)
  2 jackals (D:1)
  A quokka (D:2)
  A bat (D:1)
  A frilled lizard (D:1)
  3 goblins (D:1)
  2 kobolds (D:1)
  2 rats (D:1)
21 creatures vanquished.

Notes
Turn   | Place    | Note
-------+----------+-------------------------------------------
     0 | D:1      | Almogavar the Minotaur Fighter began the quest for the Orb.
     0 | D:1      | Reached XP level 1. HP: 19/19 MP: 0/0
   209 | D:1      | Reached XP level 2. HP: 27/27 MP: 1/1
   778 | D:2      | Noticed a killer bee
   778 | D:2      | Noticed a killer bee
   779 | D:2      | Noticed a killer bee
   779 | D:2      | Noticed a killer bee
   782 | D:2      | Noticed a killer bee
   785 | D:2      | Slain by a killer bee

Illustrated notes

Levels and vault maps discovered:
D:1:      erik_arrival_orb_chamber, layout_loops_ring
D:2:      layout_loops_corners, tso_metal_star

Skill      XL: |  1  2 |
---------------+-------+-----
Shields        | 4 |  4.2
Armour         | 4 |  4.0
Fighting       | |  3.8
Long Blades    | |  2.8

Action                   || total
-------------------------++-------
Melee: Long sword        ||    49
       Headbutt          ||     5
Armor: Scale mail        ||    22
Dodge: Dodged            ||    21
Block: Kite shield       ||    30
       Rpst.: Long sword ||     5
